 Dungeon Crawl Stone Soup version 0.21-a0-349-g0c35859 (webtiles) character file.

142 Internecine the Vexing (level 5, -4/40 HPs)
             Began as a Gnoll Arcane Marksman on Oct 7, 2017.
             Slain by Sigmund
             ... wielding a +2 scythe of protection
              (9 damage)
             ... on level 2 of the Dungeon.
             The game lasted 00:10:23 (1651 turns).

Internecine the Vexing (Gnoll Arcane Marksman)      Turns: 1651, Time: 00:10:24

Health: -4/40      AC:  4    Str: 12    XL:     5   Next: 25%
Magic:  9/9        EV: 15    Int: 15    God:
Gold:   115        SH:  0    Dex: 17    Spells: 9/10 levels left

rFire    . . .     SeeInvis .   b - +3 short sword (elec)
rCold    . . .     Gourm    .   (no shield)
rNeg     . . .     Faith    .   e - +0 robe
rPois    .         Spirit   .   n - +1 helmet
rElec    .         Reflect  .   (no cloak)
rCorr    .         Harm     .   (no gloves)
MR       .....                  (no boots)
Stlth    ++........             (no amulet)
HPRegen  0.13/turn              (no ring)
MPRegen  0.11/turn              (no ring)

@: no status effects
A: distributed training, fangs 1, strong nose
a: no special abilities


You were on level 2 of the Dungeon.
You were not hungry.

You visited 1 branch of the dungeon, and saw 2 of its levels.

You collected 115 gold pieces.

Inventory:

Hand Weapons
 a - a +0 hand crossbow
 b - a +3 short sword of electrocution (weapon)
 k - a +0 hunting sling
Missiles
 d - 53 bolts
 g - 51 stones (quivered)
 x - 4 tomahawks
Armour
 e - a +0 robe (worn)
 n - a +1 helmet (worn)
 q - a +0 scale mail
 r - a +0 leather armour
 v - a +0 scale mail
Scrolls
 i - 2 scrolls of identify {unknown}
 m - a scroll of blinking {unknown}
 p - a scroll of fear {unknown}
 t - a scroll of remove curse {unknown}
 u - 2 scrolls of magic mapping {unknown}
 w - a scroll of fog {unknown}
Potions
 l - a potion of heal wounds {unknown}
 o - a potion of haste {unknown}
Books
 c - a book of Debilitation

   Spells                             Type                      Level
   a - Corona                         Hexes                        1
   b - Slow                           Hexes                        2
   c - Inner Flame                    Hexes/Fire                   3
   d - Portal Projectile              Hexes/Translocation          3
   e - Cause Fear                     Hexes                        4
   f - Leda's Liquefaction            Hexes/Earth                  4
Comestibles
 f - a bread ration
 h - a fruit


   Skills:
 + Level 2.9 Fighting
 + Level 1.4 Short Blades
 + Level 1.4 Long Blades
 + Level 1.4 Axes
 + Level 1.4 Maces & Flails
 + Level 1.4 Polearms
 + Level 1.4 Staves
 + Level 1.4 Slings
 + Level 1.4 Bows
 + Level 4.7 Crossbows
 + Level 1.4 Throwing
 + Level 1.4 Armour
 + Level 4.7 Dodging
 + Level 1.4 Stealth
 + Level 1.4 Shields
 + Level 1.4 Unarmed Combat
 + Level 3.1 Spellcasting
 + Level 1.4 Conjurations
 + Level 6.6 Hexes
 + Level 1.4 Charms
 + Level 1.4 Summonings
 + Level 1.4 Necromancy
 + Level 1.4 Translocations
 + Level 1.4 Transmutations
 + Level 1.4 Fire Magic
 + Level 1.4 Ice Magic
 + Level 1.4 Air Magic
 + Level 1.4 Earth Magic
 + Level 1.4 Poison Magic
 + Level 1.4 Invocations
 + Level 1.4 Evocations


You had 9 spell levels left.
You knew the following spells:

 Your Spells              Type           Power        Failure   Level  Hunger
a - Corona                Hex            ###....      1%          1    #......


Dungeon Overview and Level Annotations

Branches:
Dungeon (2/15)

Altars:

Annotations:
D:2 Sigmund


Innate Abilities, Weirdness & Mutations

Your experience applies equally to all skills.
You have very sharp teeth.
Your uncanny sense of smell can sniff out nearby items.


Message History

You shoot a bolt. Sigmund gestures at you while chanting.
You resist with some effort.
You bump into the rock wall.
Sigmund is suddenly surrounded by pale blue light.
Sigmund mumbles some strange words.
Sigmund flickers and vanishes!
Deactivating autopickup; reactivate with Ctrl-A.
Something hits you!
Wield which item (- for none, * to show all)? (? for menu, Esc to quit)
You hear the crackle of electricity.
b - a +3 short sword of electrocution (weapon)
You feel less confused.
You barely miss something. Something hits you!
* * * LOW HITPOINT WARNING * * *
It was a potion of curing.
You feel better. Something hits you!
* * * LOW HITPOINT WARNING * * *
You closely miss something. You miss something. You bite something.
Something hits you!
You die...

#..# #..# #.(# #..#
#..# #.(# #.(# #.{#
###.@########
#...........#####
#................
#...........########
####'#..............#
#...........#####.#.##
#...........'.........
#...........#####.....
#.......(...'.........


There were no monsters in sight!

Vanquished Creatures
  An ogre (D:2)
  3 adders (D:2)
  An ooze (D:1)
  2 giant cockroaches
  A goblin (D:1)
  4 hobgoblins (D:1)
  A ball python (D:1)
  8 bats
  A frilled lizard (D:2)
  7 kobolds
  2 rats
31 creatures vanquished.

Notes
Turn   | Place    | Note
-------+----------+-------------------------------------------
     0 | D:1      | Internecine the Gnoll Arcane Marksman began the quest for the Orb.
     0 | D:1      | Reached XP level 1. HP: 17/17 MP: 4/4
   236 | D:1      | Reached XP level 2. HP: 23/23 MP: 5/5
   794 | D:1      | Reached XP level 3. HP: 28/28 MP: 7/7
  1375 | D:2      | Noticed an ogre
  1383 | D:2      | Killed an ogre
  1383 | D:2      | Reached skill level 1 in Short Blades
  1383 | D:2      | Reached skill level 1 in Long Blades
  1383 | D:2      | Reached skill level 1 in Axes
  1383 | D:2      | Reached skill level 1 in Maces & Flails
  1383 | D:2      | Reached skill level 1 in Polearms
  1383 | D:2      | Reached skill level 1 in Staves
  1383 | D:2      | Reached skill level 1 in Slings
  1383 | D:2      | Reached skill level 1 in Bows
  1383 | D:2      | Reached skill level 1 in Throwing
  1383 | D:2      | Reached skill level 1 in Armour
  1383 | D:2      | Reached skill level 1 in Stealth
  1383 | D:2      | Reached skill level 1 in Shields
  1383 | D:2      | Reached skill level 1 in Unarmed Combat
  1383 | D:2      | Reached skill level 1 in Conjurations
  1383 | D:2      | Reached skill level 1 in Charms
  1383 | D:2      | Reached skill level 1 in Summonings
  1383 | D:2      | Reached skill level 1 in Necromancy
  1383 | D:2      | Reached skill level 1 in Translocations
  1383 | D:2      | Reached skill level 1 in Transmutations
  1383 | D:2      | Reached skill level 1 in Fire Magic
  1383 | D:2      | Reached skill level 1 in Ice Magic
  1383 | D:2      | Reached skill level 1 in Air Magic
  1383 | D:2      | Reached skill level 1 in Earth Magic
  1383 | D:2      | Reached skill level 1 in Poison Magic
  1383 | D:2      | Reached skill level 1 in Invocations
  1383 | D:2      | Reached skill level 1 in Evocations
  1383 | D:2      | Reached XP level 4. HP: 34/34 MP: 8/8
  1383 | D:2      | Reached XP level 5. HP: 40/40 MP: 9/9
  1630 | D:2      | Noticed Sigmund
  1651 | D:2      | Slain by Sigmund

Vault maps used:
D:1:      dpeg_arrival_shelter, grunt_decor_mini_mirrors
D:2:      uniq_sigmund

Skill      XL: |  1  2  3 |
---------------+----------+-----
Short Blades   | 1 |  1.4
Long Blades    | 1 |  1.4
Axes           | 1 |  1.4
Maces & Flails | 1 |  1.4
Polearms       | 1 |  1.4
Staves         | 1 |  1.4
Slings         | 1 |  1.4
Bows           | 1 |  1.4
Throwing       | 1 |  1.4
Armour         | 1 |  1.4
Stealth        | 1 |  1.4
Shields        | 1 |  1.4
Unarmed Combat | 1 |  1.4
Spellcasting   | 3 |  3.1
Conjurations   | 1 |  1.4
Charms         | 1 |  1.4
Summonings     | 1 |  1.4
Necromancy     | 1 |  1.4
Translocations | 1 |  1.4
Transmutations | 1 |  1.4
Fire Magic     | 1 |  1.4
Ice Magic      | 1 |  1.4
Air Magic      | 1 |  1.4
Earth Magic    | 1 |  1.4
Poison Magic   | 1 |  1.4
Invocations    | 1 |  1.4
Evocations     | 1 |  1.4
Fighting       | |  2.9
Crossbows      | |  4.7
Dodging        | |  4.7
Hexes          | |  6.6

Action                   |  1- 3 |  4- 6 || total
-------------------------+-------+-------++-------
Melee: Short sword       |    10 |     8 ||    18
       Bite              |       |     1 ||     1
 Fire: Hand crossbow     |    62 |    12 ||    74
 Cast: Corona            |       |     1 ||     1
  Use: Potion            |       |     1 ||     1
  Eat: Chunk             |     1 |     1 ||     2
Armor: Robe              |     8 |     1 ||     9
Dodge: Dodged            |    50 |     3 ||    53

Table legend:
 A = Spawn XP
 B = Non-spawn XP
 C = Spawn XP percentage of total XP
 D = Spawn monster count
 E = Non-spawn monster count
 F = Spawn count percentage of total count
 G = Total turns spent on level
                    A         B        C        D         E        F      G
               +---------+---------+-------+---------+---------+-------+---------
         Total |       0 |     204 |   0.0 |       0 |      31 |   0.0 |  1651
               +---------+---------+-------+---------+---------+-------+---------
           D:1 |       0 |      36 |   0.0 |       0 |      19 |   0.0 |  1149
           D:2 |       0 |     168 |   0.0 |       0 |      12 |   0.0 |   502
               +---------+---------+-------+---------+---------+-------+---------
